 Dungeon Crawl Stone Soup version 0.22.0-75-g3901e79 (webtiles) character file.

116 whitewolfNL the Firebug (level 5, 0/28 HPs)
             Began as a Gargoyle Fire Elementalist on Sept 12, 2018.
             Hit by a goblin thrown by Robin (1 damage)
             ... on level 2 of the Dungeon.
             The game lasted 00:21:50 (3152 turns).

whitewolfNL the Firebug (GrFE)                      Turns: 3152, Time: 00:21:51

Health: 0/28       AC:  8    Str: 12    XL:     5   Next: 1%
Magic:  0/9        EV: 12    Int: 16    God:
Gold:   93         SH:  0    Dex: 10    Spells: 3/9 levels left

rFire    . . .     SeeInvis .   j - +0 spear
rCold    . . .     Gourm    .   (no shield)
rNeg     + . .     Faith    .   s - +0 robe
rPois    ∞         Spirit   .   (no helmet)
rElec    +         Reflect  .   (no cloak)
rCorr    .         Harm     .   (no gloves)
MR       .....                  (no boots)
Stlth    ++........             (no amulet)
HPRegen  0.09/turn              a - +2 ring of protection
MPRegen  0.11/turn              (no ring)

@: no status effects
A: negative energy resistance 1, electricity resistance, unbreathing,
petrification resistance, rot immunity, AC +4
a: no special abilities


You were on level 2 of the Dungeon.
You were hungry.

You visited 1 branch of the dungeon, and saw 2 of its levels.

You collected 93 gold pieces.

Inventory:

Hand Weapons
 j - a +0 spear (weapon)
 m - a +1 whip of venom
 q - a +0 dagger
Missiles
 h - 11 bolts
 o - 4 javelins (quivered)
Armour
 s - a +0 robe (worn)
Jewellery
 a - a +2 ring of protection (left hand)
Scrolls
 d - 2 scrolls of identify {unknown}
 g - 2 scrolls of teleportation {unknown}
 i - 5 scrolls of remove curse {unknown}
 k - a scroll of magic mapping {unknown}
 n - a scroll of enchant weapon {unknown}
Potions
 b - a potion of resistance {unknown}
 e - 4 potions of curing {unknown}
 f - a potion of cancellation {unknown}
 l - a potion of flight {unknown}
 p - a potion of degeneration {unknown}
 r - a potion of agility {unknown}
Comestibles
 c - 4 rations


   Skills:
 + Level 2.3 Dodging
 * Level 3.0 Stealth
 + Level 2.7 Spellcasting
 + Level 1.8 Conjurations
 * Level 4.0 Fire Magic


You had 3 spell levels left.
You knew the following spells:

 Your Spells              Type           Power        Failure   Level  Hunger
a - Flame Tongue          Conj/Fire      ##...        6%          1    #......
b - Throw Flame           Conj/Fire      ##....       9%          2    ##.....
c - Conjure Flame         Conj/Fire      ##......     17%         3    ###....

Your spell library contained the following spells:

 Spells                   Type           Power        Failure   Level  Hunger
 Inner Flame              Hex/Fire       #.......     26%         3    ###....
 Sticky Flame             Conj/Fire      ##......     50%         4    #####..
 Fireball                 Conj/Fire      ##........   85%         5    ######.


Dungeon Overview and Level Annotations

Branches:
Dungeon (2/15)

Altars:
Ru

Annotations:
D:2 Robin


Innate Abilities, Weirdness & Mutations

You are resistant to torment.
Your stone body is resilient. (AC +4)
You are immune to poison.
You resist negative energy. (rN+)
You are resistant to electric shocks. (rElec)
You can survive without breathing.
You are immune to petrification.
You are immune to rotting.


Message History

Your Fire Magic skill increases to level 4!
You have reached level 5!
The goblin hits you.
* * * LOW HITPOINT WARNING * * *
Robin misses you.
Casting: Flame Tongue (safe; 6% risk of failure)
Confirm with . or Enter, or press ? or * to list all spells.
Aiming: Flame Tongue (safe; 6% risk of failure)
Press: ? - help, Shift-Dir - straight line, f - goblin
Aim: a goblin (unusually strong)
The flame tongue hits the goblin.
The goblin is moderately wounded.
A goblin comes into view.
The goblin barely misses you. Robin barely misses you.
You closely miss the goblin.
The goblin is moderately wounded.
The goblin hits you with a dagger.
* * * LOW HITPOINT WARNING * * *
The goblin barely misses you. Robin throws the goblin at you!
You die...

##.#.....g.#.### #.>..>%........
.#.#.##.##.#.#.## #.............
.#.#.#...#.#.#..####)...gg#.....#
......._............g####.g..##
.#.#.#...#.#g#....#.########..##
##.#.##.##.#.######g....g......#
##.#.......#.# #.g..g.#########
.#.####.####.####†####..#
##...........#.g@g###...#
.######.##########....### .#
#.#####......####
#######............#
..............#....### #########
............#####....####........
#######.....#######....##........
#######...<......................
.................................


You could see Robin, a hobgoblin and 3 goblins.

Vanquished Creatures
  Natasha (D:1)
  3 adders (D:2)
  A worm (D:2)
  2 dart slugs (D:1)
  3 leopard geckos
  7 bats
  2 giant cockroaches (D:1)
  11 goblins
  4 hobgoblins
  2 jackals (D:1)
  A quokka (D:2)
  3 frilled lizards (D:2)
  5 kobolds
  8 rats
53 creatures vanquished.

Notes
Turn   | Place    | Note
-------+----------+-------------------------------------------
     0 | D:1      | whitewolfNL the Gargoyle Fire Elementalist began the quest
                  | for the Orb.
     0 | D:1      | Reached XP level 1. HP: 10/10 MP: 3/3
   553 | D:1      | Reached XP level 2. HP: 15/15 MP: 1/5
  1089 | D:1      | Reached XP level 3. HP: 19/19 MP: 1/6
  1670 | D:1      | Learned a level 2 spell: Throw Flame
  1674 | D:1      | Learned a level 3 spell: Conjure Flame
  1963 | D:2      | Found a sacrificial altar of Ru.
  2121 | D:2      | Reached XP level 4. HP: 8/24 MP: 0/7
  2769 | D:2      | Noticed Natasha
  2794 | D:1      | Killed Natasha
  3071 | D:2      | Noticed Robin
  3150 | D:2      | Reached skill level 4 in Fire Magic
  3150 | D:2      | Reached XP level 5. HP: 6/28 MP: 1/9
  3152 | D:2      | HP: 1/28 [goblin/dagger[Robin] (2)]
  3152 | D:2      | Hit by a goblin thrown by Robin

Skill      XL: |  1  2  3  4 |
---------------+-------------+-----
Dodging        | 2 |  2.3
Stealth        | 3 |  3.0
Fire Magic     | 4 |  4.0
Spellcasting   | |  2.7
Conjurations   | |  1.8

Action                   |  1- 3 |  4- 6 || total
-------------------------+-------+-------++-------
Melee: Unarmed           |    19 |       ||    19
       Dagger            |    10 |       ||    10
       Whip              |     4 |       ||     4
       Spear             |       |    18 ||    18
 Cast: Flame Tongue      |    68 |    35 ||   103
       Throw Flame       |     2 |       ||     2
  Eat: Chunk             |     3 |     1 ||     4
       Ration            |     1 |       ||     1
Armor: Robe              |    41 |    36 ||    77
Dodge: Dodged            |    88 |    44 ||   132
